 Dungeon Crawl Stone Soup version 0.23.2-30-g0e89c35649 (webtiles) character file.

Game seed: 13675066092364102115

56 sumtingwong the Sneak (level 3, -2/16 HPs)
             Began as a Vine Stalker Enchanter on June 8, 2019.
             Slain by a kobold
             ... wielding a +0 short sword
              (4 damage)
             ... on level 2 of the Dungeon.
             The game lasted 00:03:15 (1152 turns).

sumtingwong the Sneak (Vine Stalker Enchanter)      Turns: 1152, Time: 00:03:17

Health: -2/16      AC:  2    Str: 11    XL:     3   Next: 97%
Magic:  0/7        EV: 12    Int: 15    God:
Gold:   19         SH:  0    Dex: 14    Spells: 0/6 levels left

rFire    . . .     SeeInvis .   a - +1 dagger
rCold    . . .     Gourm    .   (no shield)
rNeg     . . .     Faith    .   b - +0 robe
rPois    .         Spirit   +   (no helmet)
rElec    .         Reflect  .   (no cloak)
rCorr    .         Harm     .   (no gloves)
MR       .....                  (no boots)
Stlth    +++.......             (no amulet)
HPRegen  0.05/turn              (no ring)
MPRegen  0.10/turn              (no ring)

@: lethally poisoned (-2 -> -10)
A: fangs 2, magic shield, antimagic bite, no potion heal 3, rot immunity
a: no special abilities


You were on level 2 of the Dungeon.
You were not hungry.

You visited 1 branch of the dungeon, and saw 2 of its levels.

You collected 19 gold pieces.

Inventory:

Hand Weapons
 a - a +1 dagger (weapon)
Armour
 b - a +0 robe (worn)
Scrolls
 c - a scroll of remove curse {unknown}
 g - a scroll of teleportation {unknown}
 h - a scroll of enchant weapon {unknown}
Potions
 e - a potion of magic {unknown}
 f - a potion of flight {unknown}
 i - a potion of resistance {unknown}
 k - a potion of mutation {unknown}
Comestibles
 d - 3 rations
 j - 3 chunks of flesh


   Skills:
 + Level 0.1 Fighting
 + Level 1.1 Short Blades
 + Level 1.8 Dodging
 + Level 4.3 Stealth
 + Level 2.4 Spellcasting
 + Level 3.6 Hexes
 * Level 1.0 Ice Magic


You couldn't memorise any spells.
You knew the following spells:

 Your Spells              Type           Power        Failure   Level  Hunger
a - Corona                Hex            ##.....      4%          1    #......
b - Ensorcelled Hibernat  Hex/Ice        #.....       12%         2    ###....
c - Confuse               Hex            ##......     14%         3    ###....

Your spell library contained the following spells:

 Spells                   Type           Power        Failure   Level  Hunger
 Tukima's Dance           Hex            ##......     14%         3    ###....
 Dazzling Spray           Conj/Hex       #.....       30%         3    ###....


Dungeon Overview and Level Annotations

Branches:
Dungeon (2/15)

Altars:
Hepliaklqana


Innate Abilities, Weirdness & Mutations

You have extremely sharp teeth.
When hurt, damage is shared between your health and your magic reserves.
Your bite disrupts and absorbs the magic of your enemies.
Potions cannot restore your health.
You are immune to rotting.


Message History

The adder is almost dead.
The kobold hits you but does no damage. The adder bites you.
* * * LOW HITPOINT WARNING * * *
Unknown command.
Casting: Ensorcelled Hibernation (safe; 13% risk of failure)
Confirm with . or Enter, or press ? or * to list all spells.
Aiming: Ensorcelled Hibernation (safe; 13% risk of failure)
Press: ? - help, Shift-Dir - straight line, f/p - adder
Aim: an adder (almost dead, chance to defeat MR: 49%)
The adder looks drowsy...
* * * LOW HITPOINT WARNING * * *
You feel sick. The kobold barely misses you.
The helpless adder fails to defend itself.
You impale the adder!!
You kill the adder!
Your Ice Magic skill increases to level 1!
* * * LOW HITPOINT WARNING * * *
You feel sick.
The kobold hits you with a +0 short sword!
You die...

#####
############
#...
#..........###.#
#.########.....#
#.# #####.#####
#<# #S.@K.# #.#
#.###.# #.# #..
# #.# .S. #..
.._.. #.. #..S.#
#.. #..l## ####
###.


You could see an adder and a kobold.

Vanquished Creatures
  2 adders (D:2)
  2 dart slugs (D:1)
  2 leopard geckos (D:1)
  A bat (D:1)
  8 goblins (D:1)
  2 hobgoblins (D:1)
  2 jackals (D:1)
  4 kobolds (D:1)
  A ball python (D:1)
  3 frilled lizards (D:1)
  5 rats (D:1)
32 creatures vanquished.

Notes
Turn   | Place    | Note
-------+----------+-------------------------------------------
     0 | D:1      | sumtingwong the Vine Stalker Enchanter began the quest for
                  | the Orb.
     0 | D:1      | Reached XP level 1. HP: 9/9 MP: 4/4
   135 | D:1      | Reached XP level 2. HP: 7/13 MP: 4/6
   281 | D:1      | Learned a level 2 spell: Ensorcelled Hibernation
   323 | D:1      | Reached skill level 4 in Stealth
   349 | D:1      | Reached XP level 3. HP: 10/16 MP: 2/7
   702 | D:1      | Learned a level 3 spell: Confuse
  1005 | D:1      | Reached skill level 1 in Short Blades
  1123 | D:2      | Found a hazy altar of Hepliaklqana.
  1152 | D:2      | Reached skill level 1 in Ice Magic
  1152 | D:2      | Slain by a kobold

Skill      XL: |  1  2  3 |
---------------+----------+-----
Stealth        | 4 |  4.3
Short Blades   | 1 |  1.1
Ice Magic      | 1 |  1.0
Fighting       | |  0.1
Dodging        | |  1.8
Spellcasting   | |  2.4
Hexes          | |  3.6

Action                   || total
-------------------------++-------
Melee: Dagger            ||    95
       Bite              ||    21
 Cast: Ensorcelled Hiber ||     4
 Stab: Sleeping          ||     5
  Eat: Chunk             ||     1
Armor: Robe              ||    15
Dodge: Dodged            ||    59
